PA
SOUTH BEACH BLAZE @ GWINNETT COUNTY BLACK CATS
05/08/2031
 
TOP OF THE 1ST
South Beach Blaze batting - Pitching for Gwinnett County Black Cats : RHP Nebosja Draskovic
Pitching: RHP Nebosja Draskovic
Batting: SHB Edward Sterrenburg 0-0: Called Strike
0-1: Called Strike
0-2: Ball
1-2: SINGLE (Flyball, 8RS)
Batting: LHB Ricardo Elías 0-0: Ball
1-0: Ball
2-0: SINGLE (Line Drive, 9S)
Edward Sterrenburg to second
Batting: RHB Bart Goodine 0-0: Swinging Strike
0-1: Foul Ball, location: 2F
0-2: 3-RUN HOME RUN (Flyball, 7D), Distance : 388 ft
Batting: RHB Juan Reyes 0-0: Foul Ball, location: 2F
0-1: Ball
1-1: Fly out, F5 (Popup, 5SF)
Batting: RHB Kenny DeWitt 0-0: Ball
1-0: Swinging Strike
1-1: Called Strike
1-2: Strikes out swinging
Batting: SHB Noah Martone 0-0: Ball
1-0: Called Strike
1-1: Ball
2-1: Called Strike
2-2: Strikes out swinging
Top of the 1st over - 3 runs, 3 hits, 0 errors, 0 left on base; South Beach 3 - Gwinnett County 0
BOTTOM OF THE 1ST
Gwinnett County Black Cats batting - Pitching for South Beach Blaze : LHP Unto Leino
Pitching: LHP Unto Leino
Batting: RHB Willard Thexton 0-0: Called Strike
0-1: Foul Ball, location: 2F
0-2: Foul Ball, location: 2F
0-2: Strikes out looking
Batting: RHB Wallace Bane 0-0: Ball
1-0: Called Strike
1-1: Fly out, F7 (Flyball, 7S)
Batting: SHB Quentin Harrop 0-0: Foul Ball, location: 2F
0-1: Foul Ball, location: 2F
0-2: Foul Ball, location: 2F
0-2: Ball
1-2: Foul Ball, location: 2F
1-2: Ball
2-2: Ground out 6-3 (Groundball, 6)
Bottom of the 1st over - 0 runs, 0 hits, 0 errors, 0 left on base; South Beach 3 - Gwinnett County 0
TOP OF THE 2ND
South Beach Blaze batting - Pitching for Gwinnett County Black Cats : LHP Timmo Vreke
Pitching: LHP Timmo Vreke
Batting: RHB Yu-shu Kang 0-0: Called Strike
0-1: Foul Ball, location: 2F
0-2: Ball
1-2: Ball
2-2: Foul Ball, location: 2F
2-2: Strikes out swinging
Batting: RHB Dennis Wacher 0-0: Ball
1-0: Ball
2-0: Called Strike
2-1: Swinging Strike
2-2: Ball
3-2: Foul Ball, location: 2F
3-2: DOUBLE (Line Drive, 8LD)
Batting: SHB Jason Graham 0-0: Foul Ball, location: 2F
0-1: Foul Ball, location: 2F
0-2: Strikes out looking
Batting: SHB Edward Sterrenburg 0-0: Fly out, F9 (Flyball, 9D)
Top of the 2nd over - 0 runs, 1 hit, 0 errors, 1 left on base; South Beach 3 - Gwinnett County 0
BOTTOM OF THE 2ND
Gwinnett County Black Cats batting - Pitching for South Beach Blaze : LHP Unto Leino
Batting: RHB Kauna Aleferede 0-0: Called Strike
0-1: DOUBLE (Line Drive, 7LD)
Batting: LHB Gilberto Ocasio 0-0: Ball
1-0: Called Strike
1-1: Ball
2-1: Ground out 4-3 (Groundball, 4)
Kauna Aleferede to third
Batting: RHB Norberto Santana 0-0: Ball
1-0: Called Strike
Steal of home, Kauna Aleferede is out
1-1: Called Strike
1-2: Ball
2-2: Strikes out swinging
Bottom of the 2nd over - 0 runs, 1 hit, 0 errors, 0 left on base; South Beach 3 - Gwinnett County 0
TOP OF THE 3RD
South Beach Blaze batting - Pitching for Gwinnett County Black Cats : LHP Timmo Vreke
Batting: LHB Ricardo Elías 0-0: Called Strike
0-1: Called Strike
0-2: Foul Ball, location: 2F
0-2: Ground out 6-3 (Groundball, 6M)
Batting: RHB Bart Goodine 0-0: Ball
1-0: Ball
2-0: Foul Ball, location: 2F
2-1: Foul Ball, location: 2F
2-2: DOUBLE (Line Drive, 7LM)
Batting: RHB Juan Reyes 0-0: Reached on error, E5 (Groundball, 56)
Bart Goodine to third
Batting: RHB Kenny DeWitt 0-0: Ball
1-0: Foul Ball, location: 2F
1-1: Ball
2-1: DOUBLE (Line Drive, 8LD)
Bart Goodine scores
Juan Reyes to third
Batting: SHB Noah Martone 0-0: Ball
1-0: Foul Ball, location: 2F
1-1: Ball
2-1: Ball
3-1: SINGLE (Line Drive, 7S)
Juan Reyes scores
Kenny DeWitt to third
Batting: RHB Yu-shu Kang 0-0: Ball
1-0: Called Strike
1-1: Foul Ball, location: 2F
1-2: DOUBLE (Flyball, 9LD)
Kenny DeWitt scores
Noah Martone to third
Batting: RHB Dennis Wacher 0-0: Swinging Strike
0-1: Foul Ball, location: 2F
0-2: Strikes out looking
Batting: SHB Jason Graham 0-0: Ball
1-0: Ball
2-0: Ball
3-0: Called Strike
3-1: Called Strike
3-2: Fly out, F5 (Line Drive, 6)
Top of the 3rd over - 3 runs, 4 hits, 1 error, 2 left on base; South Beach 6 - Gwinnett County 0
BOTTOM OF THE 3RD
Gwinnett County Black Cats batting - Pitching for South Beach Blaze : LHP Unto Leino
Batting: RHB Bill Wilson 0-0: Called Strike
0-1: Foul Ball, location: 2F
0-2: Ball
1-2: Ball
2-2: Ball
3-2: Base on Balls
Batting: RHB Yi-ping Hor 0-0: Called Strike
0-1: Called Strike
0-2: Strikes out looking
Batting: SHB Cameron Yaffe 0-0: Ball
1-0: Ball
2-0: Foul Ball, location: 2F
2-1: Foul Ball, location: 2F
2-2: Ball
3-2: Foul Ball, location: 2F
3-2: 2-RUN HOME RUN (Flyball, 7LD), Distance : 357 ft
Batting: RHB Willard Thexton 0-0: Ball
1-0: Foul Ball, location: 2F
1-1: Ball
2-1: DOUBLE (Flyball, 78D)
Batting: RHB Wallace Bane 0-0: Foul Ball, location: 2F
0-1: Foul Ball, location: 2F
0-2: Ball
1-2: SINGLE (Line Drive, 78S)
Willard Thexton to third
Runner from 3rd tries for Home, SAFE, throw made home
Wallace Bane to second
Batting: SHB Quentin Harrop 0-0: Swinging Strike
0-1: Ground out 6-3 (Groundball, 6)
Wallace Bane to third
Batting: RHB Kauna Aleferede 0-0: Ball
1-0: Ball
2-0: Ball
3-0: Called Strike
3-1: Base on Balls
Batting: LHB Gilberto Ocasio 0-0: Foul Ball, location: 2F
0-1: Ball
1-1: Ball
2-1: Ground out 4-3 (Groundball, 34)
Bottom of the 3rd over - 3 runs, 3 hits, 0 errors, 2 left on base; South Beach 6 - Gwinnett County 3
TOP OF THE 4TH
South Beach Blaze batting - Pitching for Gwinnett County Black Cats : LHP Timmo Vreke
Batting: SHB Edward Sterrenburg 0-0: Foul Ball, location: 2F
0-1: Ball
1-1: Ball
2-1: Ball
3-1: Base on Balls
Batting: LHB Ricardo Elías 0-0: Foul Ball, location: 2F
0-1: Ball
1-1: Foul Ball, location: 2F
1-2: Strikes out swinging
Pitching: RHP Xue-liang Li
Batting: RHB Bart Goodine 0-0: Called Strike
Edward Sterrenburg steals 2nd base
0-1: Called Strike
0-2: Ball
1-2: Strikes out swinging
Batting: RHB Juan Reyes 0-0: Ball
1-0: Ball
2-0: Swinging Strike
2-1: Ground out 5-3 (Groundball, 56S)
Top of the 4th over - 0 runs, 0 hits, 0 errors, 1 left on base; South Beach 6 - Gwinnett County 3
BOTTOM OF THE 4TH
Gwinnett County Black Cats batting - Pitching for South Beach Blaze : LHP Unto Leino
Batting: RHB Norberto Santana 0-0: Foul Ball, location: 2F
0-1: Fly out, F8 (Line Drive, 8RD)
Now in CF: Barry Chambers
Batting: RHB Bill Wilson 0-0: SINGLE (Line Drive, 3L)
Batting: RHB Yi-ping Hor 0-0: Called Strike
0-1: Ball
1-1: Ball
2-1: Ball
3-1: DOUBLE (Groundball, 5L)
Bill Wilson to third
Batting: SHB Cameron Yaffe 0-0: Ball
1-0: Swinging Strike
1-1: Fly out, F8 (Flyball, 8RS)
Runner from 3rd tags up, SCORES, no throw
Batting: RHB Willard Thexton 0-0: Called Strike
0-1: Ball
Passed Ball!
Yi-ping Hor to third
1-1: Foul Ball, location: 2F
1-2: Ball
2-2: SINGLE (Line Drive, 6MD)
Yi-ping Hor scores
Batting: RHB Wallace Bane 0-0: Ball
1-0: Called Strike
1-1: Swinging Strike
1-2: Ball
2-2: Strikes out looking
Bottom of the 4th over - 2 runs, 3 hits, 0 errors, 1 left on base; South Beach 6 - Gwinnett County 5
TOP OF THE 5TH
South Beach Blaze batting - Pitching for Gwinnett County Black Cats : RHP Xue-liang Li
Batting: RHB Kenny DeWitt 0-0: Ball
1-0: Foul Ball, location: 2F
1-1: Ball
2-1: Foul Ball, location: 2F
2-2: Ball
3-2: Strikes out swinging
Batting: SHB Noah Martone 0-0: Ball
1-0: Foul Ball, location: 2F
1-1: Called Strike
1-2: Foul Ball, location: 2F
1-2: Ball
2-2: Strikes out swinging
Batting: RHB Barry Chambers 0-0: Ball
1-0: Fly out, F9 (Flyball, 89S)
Top of the 5th over - 0 runs, 0 hits, 0 errors, 0 left on base; South Beach 6 - Gwinnett County 5
BOTTOM OF THE 5TH
Gwinnett County Black Cats batting - Pitching for South Beach Blaze : LHP Unto Leino
Batting: SHB Quentin Harrop 0-0: Ball
1-0: Ball
2-0: Foul Ball, location: 2F
2-1: Foul Ball, location: 2F
2-2: Foul Ball, location: 2F
2-2: Foul Ball, location: 2F
2-2: SINGLE (Groundball, 6D)
Batting: RHB Kauna Aleferede 0-0: Called Strike
0-1: Ball
1-1: Called Strike
1-2: Ball
2-2: Strikes out looking
Batting: LHB Gilberto Ocasio 0-0: Ball
1-0: Called Strike
1-1: Foul Ball, location: 2F
1-2: Ball
2-2: Strikes out looking
Batting: RHB Norberto Santana 0-0: Foul Ball, location: 2F
0-1: Called Strike
0-2: Ground out 6-3 (Groundball, 6M)
Bottom of the 5th over - 0 runs, 1 hit, 0 errors, 1 left on base; South Beach 6 - Gwinnett County 5
TOP OF THE 6TH
South Beach Blaze batting - Pitching for Gwinnett County Black Cats : RHP Xue-liang Li
Batting: RHB Dennis Wacher 0-0: Ball
1-0: Fly out, F3 (Popup, 3F)
Batting: SHB Jason Graham 0-0: Called Strike
0-1: Ball
1-1: Foul Ball, location: 2F
1-2: Foul Ball, location: 2F
1-2: Ball
2-2: Foul Ball, location: 2F
2-2: Strikes out looking
Batting: SHB Edward Sterrenburg 0-0: Ball
1-0: Ball
2-0: Ball
3-0: Called Strike
3-1: Foul Ball, location: 2F
3-2: Strikes out swinging
Top of the 6th over - 0 runs, 0 hits, 0 errors, 0 left on base; South Beach 6 - Gwinnett County 5
BOTTOM OF THE 6TH
Gwinnett County Black Cats batting - Pitching for South Beach Blaze : LHP Unto Leino
Batting: RHB Bill Wilson 0-0: Swinging Strike
0-1: Foul Ball, location: 2F
0-2: Strikes out swinging
Batting: RHB Yi-ping Hor 0-0: Called Strike
0-1: Ball
1-1: Ball
2-1: Foul Ball, location: 2F
2-2: Strikes out swinging
Batting: SHB Cameron Yaffe 0-0: Ball
1-0: Foul Ball, location: 2F
1-1: Ground out 4-3 (Groundball, 4)
Bottom of the 6th over - 0 runs, 0 hits, 0 errors, 0 left on base; South Beach 6 - Gwinnett County 5
TOP OF THE 7TH
South Beach Blaze batting - Pitching for Gwinnett County Black Cats : RHP Xue-liang Li
Batting: LHB Ricardo Elías 0-0: Ground out 6-3 (Groundball, 6S)
Batting: RHB Bart Goodine 0-0: SINGLE (Line Drive, 56)
Batting: RHB Juan Reyes 0-0: Ball
1-0: Ball
2-0: Ball
Wild Pitch!
Bart Goodine to second
3-0: Called Strike
3-1: Swinging Strike
3-2: SINGLE (Groundball, 56S) (infield hit)
Bart Goodine to third
Batting: RHB Kenny DeWitt 0-0: Called Strike
0-1: Swinging Strike
0-2: Foul Ball, location: 2F
0-2: Ball
1-2: Foul Ball, location: 2F
1-2: Foul Ball, location: 2F
1-2: Strikes out looking
Batting: SHB Noah Martone 0-0: Ball
1-0: Swinging Strike
1-1: Ball
2-1: Swinging Strike
2-2: Fly out, F5 (Line Drive, 56)
Top of the 7th over - 0 runs, 2 hits, 0 errors, 2 left on base; South Beach 6 - Gwinnett County 5
BOTTOM OF THE 7TH
Gwinnett County Black Cats batting - Pitching for South Beach Blaze : LHP Unto Leino
Batting: RHB Willard Thexton 0-0: Ball
1-0: Ground out 6-3 (Groundball, 6)
Batting: RHB Wallace Bane 0-0: SINGLE (Groundball, 56D)
Batting: SHB Quentin Harrop 0-0: Ball
1-0: Foul Ball, location: 2F
1-1: Called Strike
1-2: Ball
2-2: Foul Ball, location: 2F
2-2: Foul Ball, location: 2F
2-2: Ball
3-2: Foul Ball, location: 2F
3-2: 2-RUN HOME RUN (Flyball, 7LD), Distance : 378 ft
Pitching: LHP Gilberto Blanca
Batting: RHB Kauna Aleferede 0-0: Swinging Strike
0-1: Swinging Strike
0-2: Strikes out swinging
Batting: LHB Gilberto Ocasio 0-0: Ball
1-0: Ball
2-0: Foul Ball, location: 2F
2-1: Swinging Strike
2-2: Foul Ball, location: 2F
2-2: Fly out, F3 (Line Drive, 3)
Bottom of the 7th over - 2 runs, 2 hits, 0 errors, 0 left on base; South Beach 6 - Gwinnett County 7
TOP OF THE 8TH
South Beach Blaze batting - Pitching for Gwinnett County Black Cats : RHP Xue-liang Li
Now in CF: Colm Shapland
Batting: RHB Barry Chambers 0-0: Foul Ball, location: 2F
0-1: Foul Ball, location: 2F
0-2: Strikes out swinging
Batting: RHB Dennis Wacher 0-0: Fly out, F9 (Line Drive, 9)
Batting: SHB Jason Graham 0-0: Swinging Strike
0-1: Ball
1-1: Ball
2-1: SINGLE (Line Drive, 4MD)
Pitching: LHP Efren Rasonable
Batting: SHB Edward Sterrenburg 0-0: Called Strike
0-1: Ground out 1-3 (Groundball, 13S)
Top of the 8th over - 0 runs, 1 hit, 0 errors, 1 left on base; South Beach 6 - Gwinnett County 7
BOTTOM OF THE 8TH
Gwinnett County Black Cats batting - Pitching for South Beach Blaze : LHP Gilberto Blanca
Batting: RHB Norberto Santana 0-0: Called Strike
0-1: Ball
1-1: Ball
2-1: Foul Ball, location: 2F
2-2: Foul Ball, location: 2F
2-2: Foul Ball, location: 2F
2-2: Strikes out swinging
Batting: RHB Bill Wilson 0-0: Ball
1-0: Called Strike
1-1: Hit by Pitch
Batting: RHB Yi-ping Hor 0-0: Called Strike
0-1: Ball
1-1: Fielders Choice at 2nd, 4-6 (Groundball, 4)
Batting: SHB Cameron Yaffe 0-0: Ball
1-0: Called Strike
1-1: Ball
2-1: Foul Ball, location: 2F
2-2: Strikes out swinging
Bottom of the 8th over - 0 runs, 0 hits, 0 errors, 1 left on base; South Beach 6 - Gwinnett County 7
TOP OF THE 9TH
South Beach Blaze batting - Pitching for Gwinnett County Black Cats : LHP Efren Rasonable
Pitching: RHP Brian Guilbert
Batting: LHB Ricardo Elías 0-0: SINGLE (Line Drive, 9LM)
Batting: RHB Bart Goodine 0-0: Ball
1-0: Ball
2-0: Ball
3-0: Called Strike
3-1: Foul Ball, location: 2F
3-2: SINGLE (Flyball, 78S)
Ricardo Elías to second
Batting: RHB Juan Reyes 0-0: Grounds into double play, 6-4-3 (Groundball, 6M)
Ricardo Elías to third
Batting: RHB Kenny DeWitt 0-0: Ball
1-0: Ball
2-0: Foul Ball, location: 2F
2-1: Swinging Strike
2-2: Ball
3-2: Fly out, F7 (Flyball, 7S)
Top of the 9th over - 0 runs, 2 hits, 0 errors, 1 left on base; South Beach 6 - Gwinnett County 7
Tuesday, June 12th, 2018 - OOTP Baseball 18.8 Build 76